 Dungeon Crawl Stone Soup version 0.31-a0-175-g9f7f995f2b (webtiles) character file.

Game seed: 11429928205377133435

163099 qw the Severer (level 17, 0/108 HPs)
             Began as a Gargoyle Fighter on June 16, 2023.
             Was a Priest of Okawaru.
             Slain by a six-headed hydra (5 damage)
             ... called by a spriggan druid
             ... on level 3 of the Swamp.
             The game lasted 00:18:41 (29352 turns).

qw the Severer (Gargoyle Fighter)                  Turns: 29352, Time: 00:18:41

Health: 0/108      AC: 40    Str: 34    XL:     17   Next: 82%
Magic:  24/24      EV: 12    Int: 15    God:    Okawaru [***...]
Gold:   398        SH: 21    Dex:  9    Spells: 16/16 levels left

rFire   . . .        t - +0 morningstar
rCold   + . .        E - +0 tower shield {AC+3}
rNeg    + . .        B - +6 chain mail "Fecvet" {Drain Int+4}
rPois   inf          w - +0 helmet
rElec   +            p - scarf {repulsion}
rCorr   .            o - +0 pair of gloves of Okawaru's Wrath {Regen+ Int+2}
SInv    +            e - +0 pair of boots
Will    +....        C - amulet of regeneration Stlth
                     L - +6 ring of strength
HPRegen 1.98/turn    j - ring of see invisible
MPRegen 0.19/turn

%: repel missiles
@: about to teleport, heroic, flying
A: sickness immunity, AC +12, big wings, negative energy resistance 1,
electricity resistance, torment resistance 1, petrification resistance, talons
1, cold resistance 1
a: Renounce Religion, Heroism


You were on level 3 of the Swamp.
You worshipped Okawaru.
Okawaru was most pleased with you.
You visited 6 branches of the dungeon, and saw 29 of its levels.
You also visited: Ossuary and Gauntlet.

You collected 2213 gold pieces.
You spent 1815 gold pieces at shops.


Innate Abilities, Weirdness & Mutations

You are immune to sickness and miasma.
Your stone body is resilient. (AC +12)
You are immune to poison.
Your large and strong wings let you fly.
You resist negative energy. (rN+)
You are resistant to electric shocks. (rElec)
You are resistant to unholy torment.
You are immune to petrification.
You have sharp toenails.
Your flesh is cold resistant. (rC+)


   Skills:
 - Level 13.0(18.0) Fighting
 - Level 18.0(23.0) Axes
 - Level 7.0(12.0) Throwing
 + Level 10.1(15.1) Armour
 - Level 5.0(10.0) Dodging
 - Level 17.8(22.8) Shields
 - Level 10.0 Invocations


You had 16 spell levels left.
You didn't know any spells.
Your spell library was empty.

Inventory:

Hand Weapons
 c - a +2 broad axe
 m - the +6 broad axe of Sirurr {drain, Int+3}
   (Okawaru gifted it to you on level 2 of the Lair of Beasts)

   Int:       It affects your intelligence (+3).
 t - a +0 morningstar (weapon)
Missiles
 k - 5 javelins
 s - a boomerang of dispersal
 z - 17 boomerangs
 K - a silver javelin (quivered)
Armour
 e - a +0 pair of boots (worn)
 o - the +0 pair of gloves of Okawaru's Wrath (worn) {Regen+ Int+2}
   (Okawaru gifted it to you on level 3 of the Lair of Beasts)

   Int:       It affects your intelligence (+2).
   Regen:     It increases your rate of health regeneration.
 p - a scarf of repulsion (worn)
 w - a +0 helmet (worn)
 B - the +6 chain mail "Fecvet" (worn) {Drain Int+4}
   (You took it off a minotaur in a Gauntlet)

   Int:       It affects your intelligence (+4).
   Drain:     It drains your maximum health when unequipped.
 E - a +0 tower shield of protection (worn)
 F - the +2 robe "Puoth" {-Tele rC+++ Regen+ Int-3}
   (You bought it in a shop on level 2 of the Orcish Mines)

   Int:       It affects your intelligence (-3).
   rC:        It renders you almost immune to cold.
   -Tele:     It prevents most forms of teleportation.
   Regen:     It increases your rate of health regeneration.
 G - a +1 cloak of poison resistance
 H - +0 fire dragon scales
Jewellery
 i - a ring of fire
 j - a ring of see invisible (right hand)
 C - an amulet of regeneration (around neck)
 J - a ring of resist corrosion
 L - a +6 ring of strength (left hand)
 Y - a +6 ring of dexterity
Wands
 u - a wand of digging (19)
Scrolls
 q - 10 scrolls of identify
 x - 3 scrolls of teleportation
 y - 2 scrolls of enchant weapon
 I - 2 scrolls of brand weapon
Potions
 a - 3 potions of resistance
 b - 2 potions of cancellation
 d - 5 potions of might
 f - 14 potions of curing
 g - 2 potions of haste
 h - a potion of mutation
 l - 10 potions of lignification
 n - a potion of magic
 r - a potion of heal wounds
 v - 6 potions of attraction

Dungeon Overview and Level Annotations

Branches:
Dungeon (15/15)            Temple (1/1) D:7            Lair (5/5) D:11
  Swamp (3/4) Lair:3       Spider (3/4) Lair:2        Slime (0/5) Lair:5
    Orc (2/2) D:11            Elf (0/3) Orc:2        Vaults (0/5) D:13
 Depths (0/4) D:15        Ossuary (visited)         Gauntlet (visited)

Altars:
Ashenzari
Cheibriados
Dithmenos
Elyvilon
Fedhas
Gozag
Hepliaklqana
Kikubaaqudgha
Makhleb
Nemelex Xobeh
Okawaru
Qazlal
Ru
Sif Muna
Trog
Uskayaw
Vehumet
Wu Jian
Xom
Yredelemnul
Zin
The Shining One

Shops:
Orc:2 :**(*!(

Portals:
Trove: D:12 (show abyssal rune of Zot)

Annotations:
D:4 1 runed translucent door, Crazy Yiuf
D:9 exclusion: 4 wolf spiders
D:13 2 transporters, qw's ghost, journeyman GrFi
D:14 2 runed translucent doors, Cown's ghost, journeyman TrHu
Swamp:1 1 runed translucent door


Message History

The alligator seems to grow more fierce.
The swamp worm seems to grow more fierce.
You kill the spriggan druid!
Okawaru accepts your kill.
You hear a splash. x2
You slice the alligator!! You drain the alligator!
You block the spriggan rider's attack. You block the alligator's attack.
The alligator barely misses you.
29349 ||| SWAPPING to +0 morningstar.
t - a +0 morningstar (weapon)
The swamp worm fires a harpoon shot at you.
You block the harpoon shot. The tyrant leech barely misses you.
The alligator barely misses you. You block the alligator's attack.
You barely miss the alligator.
The alligator is severely wounded.
The spriggan rider hits you from afar with a +0 spear!!
You block the six-headed hydra's attack. x3
The six-headed hydra barely misses you. The six-headed hydra bites you. x2
The swamp worm fires a harpoon shot at you.
The harpoon shot hits you but does no damage.
The alligator bites you! The alligator tail-slaps you.
You hit the alligator but do no damage.
The alligator is heavily wounded.
You block the tyrant leech's attack. You block the spriggan rider's attack.
The six-headed hydra completely misses you.
The six-headed hydra bites you but does no damage.
The six-headed hydra bites you!
The six-headed hydra bites you but does no damage. x2
You block the six-headed hydra's attack.
29352 ||| READING 4 scrolls of teleportation.
As you read the scroll of teleportation, it crumbles to dust.
You feel strangely unstable. You block the alligator's attack.
The alligator tail-slaps you but does no damage.
The spriggan rider closely misses you.
The swamp worm fires a harpoon shot at you.
The harpoon shot hits you but does no damage.
You block the tyrant leech's attack. The six-headed hydra bites you!!
The six-headed hydra bites you.
You die...

~~ 7777.~¤
.~~7.~~
.~.~.~~
.....~~
777.w~..~~
7.D~~~.~~¤
7.@%i¤.¤~~
77tw~^.~~~
..~~~.?.~
....~.7...
7..(.......
~~~~~7~.~..
~.~~...~~777
.~~...~¤~.7


You could see an alligator (strong, swift, drained), a six-headed hydra
(strong), a tyrant leech (strong), a spriggan rider and a swamp worm (strong).

Vanquished Creatures
  Jorgrun (Orc:1)
  A storm dragon (D:15)
  A thorn hunter (Swamp:2)
  An azure jelly (Lair:4)
  A fire giant (D:15)
  2 emperor scorpions (Spider:2)
  An eleionoma (Swamp:1)
  A spark wasp (Spider:3)
  2 bunyips
  A minotaur (Gauntlet)
  4 entropy weavers
  A rakshasa (D:14)
  A yaktaur captain (D:15)
  6 hydras
  5 centaur warriors
  An ogre mage (D:15)
  A ghost crab (Swamp:2)
  3 radroaches
  4 catoblepae
  A boulder beetle (D:14)
  2 dancing weapons (D:13)
  3 alligators
  4 two-headed ogres
  A tengu warrior (D:14)
  9 death yaks
  7 demonic crawlers
  3 orc high priests (Orc:2)
  Urug (D:12)
  A deep troll earth mage (D:15)
  A storm dragon zombie (D:15)
  A sixfirhy (Gauntlet)
  2 pharaoh ants (Spider:2)
  A death drake (Swamp:1)
  A flayed ghost (D:15)
  2 skeletal warriors (D:15)
  A spark wasp zombie (D:15)
  3 spriggan druids
  A sun moth (Spider:3)
  A swamp dragon (Swamp:2)
  6 orb spiders
  4 bog bodies
  4 goliath frogs
  2 lindwurms
  6 steelbarb worms
  A golden dragon skeleton (D:15)
  A necromancer (D:15)
  Pikel (D:5)
  A deep elf pyromancer (D:13)
  8 orc knights
  A will-o-the-wisp (Swamp:2)
  5 orc sorcerers (Orc:2)
  11 wolf spiders
  10 ugly things
  3 cyclopes
  5 manticores
  A fire giant zombie (D:15)
  14 elephants
  Maurice (D:8)
  Joseph (Lair:1)
  A salamander (shapeshifter) (D:15)
  2 moths of wrath
  9 cane toads
  2 ice statues (Spider:3)
  4 torpor snails
  3 black mambas
  A black mamba (shapeshifter) (D:15)
  An eye of devastation (shapeshifter) (D:15)
  A gargoyle (D:13)
  Maggie (Lair:1)
  2 unseen horrors
  3 rime drakes
  2 efreet
  7 komodo dragons
  4 trolls
  2 tengu conjurers (D:14)
  A bloated husk (Swamp:2)
  A polar bear (Lair:3)
  17 tarantellas
  Grinder (D:5)
  5 hornets
  22 blink frogs
  4 dream sheep (Lair:4)
  7 tyrant leeches
  18 jumping spiders
  A shadow (D:9)
  14 slime creatures
  6 spriggans
  2 vampires
  3 wyverns
  19 culicivoras
  Sigmund (D:5)
  2 wraiths
  2 basilisks
  61 yaks
  Eustachio (D:4)
  A chaos spawn (Gauntlet)
  8 vampire mosquitoes
  A neqoxec (Gauntlet)
  4 steam dragons
  57 redbacks
  9 swamp worms
  7 wargs
  17 water moccasins
  2 ice beasts
  25 orc warriors
  A sky beast (D:7)
  9 ogres
  2 black bears
  7 wolves
  A boggart (D:15)
  9 centaurs
  A lemure (D:5)
  A phantom (D:5)
  2 kobold brigands (D:11)
  4 gnoll sergeants
  5 bullfrogs
  21 wights
  6 electric eels
  A howler monkey (D:5)
  A lava snake (D:9)
  A centaur zombie (Ossuary)
  20 orc priests
  7 jellies
  5 hounds
  4 iguanas
  7 hell rats (Lair:4)
  A sleepcap (D:5)
  31 orc wizards
  6 mummies (Ossuary)
  20 gnolls
  8 adders
  2 shadow imps
  4 white imps
  6 ufetubi
  3 worms
  5 dart slugs
  71 orcs
  3 ball pythons
  8 endoplasms
  A giant cockroach (D:3)
  5 goblins
  7 hobgoblins
  5 jackals
  16 kobolds
  3 quokkas
  3 training dummies (Orc:2)
  3 bats
  12 frilled lizards
  7 hobgoblin zombies (Ossuary)
  8 rats
887 creatures vanquished.

Vanquished Creatures (others)
  A hydra (Swamp:2)
  An alligator (Swamp:2)
  A tyrant leech (Swamp:2)
  A swamp worm (Swamp:2)
  2 swamp drakes (Swamp:2)
  6 foxfires (Swamp:2)
12 creatures vanquished.

Grand Total: 899 creatures vanquished

Notes
Turn   | Place    | Note
-------+----------+-------------------------------------------
     0 | D:1      | qw the Gargoyle Fighter began the quest for the Orb.
     0 | D:1      | Reached XP level 1. HP: 14/14 MP: 1/1
     0 | D:1      | 0 ||| qw: Version: 0.2-a-29-g511e9b1
     0 | D:1      | 0 ||| qw: Game counter: 5803
     0 | D:1      | 0 ||| qw: Always use a shield: true
     0 | D:1      | 0 ||| qw: God list: Okawaru
     0 | D:1      | 0 ||| qw: Allow faded altars: false
     0 | D:1      | 0 ||| qw: Do Orc after D:15 true
     0 | D:1      | 0 ||| qw: Do second Lair branch before Depths: true
     0 | D:1      | 0 ||| qw: Lair rune preference: random
     0 | D:1      | 0 ||| qw: Plans: Normal, Zot:1-4, Slime:5, God:TSO, Crypt,
                  | Tomb, Abyss, Pan, Hells, Win
     0 | D:1      | 0 ||| PLANNING D:1-11
    64 | D:1      | Reached skill level 2 in Axes
    78 | D:1      | 78 ||| Stepping ~*~*~tactically~*~*~ (stealth).
   156 | D:1      | Reached XP level 2. HP: 19/19 MP: 2/2
   184 | D:1      | HP: 4/19 [quokka (2)]
   596 | D:1      | 596 ||| READING scroll labelled YHE BIOROPH.
   597 | D:1      | 597 ||| READING scroll labelled PEIX NYFEXKU.
   598 | D:1      | 598 ||| READING scroll labelled MOLEQORCH RODU.
   664 | D:2      | 664 ||| Stepping ~*~*~tactically~*~*~ (stealth).
   668 | D:2      | 668 ||| Stepping ~*~*~tactically~*~*~ (stealth).
   706 | D:2      | Reached skill level 3 in Axes
   720 | D:2      | Reached XP level 3. HP: 23/23 MP: 3/3
   798 | D:2      | 798 ||| Stepping ~*~*~tactically~*~*~ (hiding).
   799 | D:2      | 799 ||| Stepping ~*~*~tactically~*~*~ (hiding).
   807 | D:2      | 807 ||| Stepping ~*~*~tactically~*~*~ (stealth).
   809 | D:2      | 809 ||| Stepping ~*~*~tactically~*~*~ (stealth).
   810 | D:2      | 810 ||| Stepping ~*~*~tactically~*~*~ (stealth).
   969 | D:2      | Reached XP level 4. HP: 27/28 MP: 4/4
  1146 | D:2      | 1146 ||| Stepping ~*~*~tactically~*~*~ (hiding).
  1147 | D:2      | 1147 ||| Stepping ~*~*~tactically~*~*~ (hiding).
  1154 | D:2      | Reached skill level 4 in Axes
  1441 | D:2      | 1441 ||| UPGRADING to +0 chain mail.
  1451 | D:2      | 1451 ||| DROPPING +0 scale mail.
  1452 | D:2      | 1452 ||| READING scroll labelled NIOWASO MOATHRE.
  1453 | D:2      | 1453 ||| READING 3 scrolls labelled UVAUCH RUGOAN.
  1456 | D:2      | 1456 ||| DRINKING 2 yellow potions.
  1495 | D:3      | 1495 ||| DROPPING +0 club.
  1688 | D:3      | 1688 ||| Stepping ~*~*~tactically~*~*~ (stealth).
  1693 | D:3      | 1693 ||| Stepping ~*~*~tactically~*~*~ (stealth).
  1723 | D:3      | 1723 ||| Stepping ~*~*~tactically~*~*~ (stealth).
  1808 | D:3      | Found an ancient bone altar of Kikubaaqudgha.
  1864 | D:3      | 1864 ||| Stepping ~*~*~tactically~*~*~ (stealth).
  1868 | D:3      | 1868 ||| Stepping ~*~*~tactically~*~*~ (stealth).
  1874 | D:3      | 1874 ||| Stepping ~*~*~tactically~*~*~ (stealth).
  2359 | D:3      | 2359 ||| UPGRADING to +0 pair of boots.
  2364 | D:3      | 2364 ||| READING scroll labelled REWNIO AMAEFIX.
  2365 | D:3      | 2365 ||| READING scroll labelled KOMORR ITRUA.
  2366 | D:3      | 2366 ||| DRINKING 2 fuming brown potions.
  2367 | D:3      | 2367 ||| DROPPING potion of enlightenment.
  2398 | D:4      | 2398 ||| PLANNING OSSUARY
  2408 | D:4      | Reached XP level 5. HP: 27/32 MP: 5/5
  2524 | D:4      | Found a sand-covered staircase.
  2525 | D:4      | 2525 ||| UPGRADING to +0 pair of gloves.
  2530 | D:4      | Noticed Eustachio
  2535 | D:4      | 2535 ||| Stepping ~*~*~tactically~*~*~ (stealth).
  2536 | D:4      | 2536 ||| Stepping ~*~*~tactically~*~*~ (stealth).
  2537 | D:4      | 2537 ||| Stepping ~*~*~tactically~*~*~ (stealth).
  2544 | D:4      | 2544 ||| Stepping ~*~*~tactically~*~*~ (stealth).
  2547 | Ossuary  | Entered an ossuary
  2556 | Ossuary  | Reached skill level 5 in Axes
  2599 | Ossuary  | 2599 ||| FLEEEEING.
  2600 | Ossuary  | 2600 ||| FLEEEEING.
  2606 | Ossuary  | 2606 ||| FLEEEEING.
  2643 | Ossuary  | Reached XP level 6. HP: 24/38 MP: 6/6
  2644 | Ossuary  | HP: 8/38 [mummy (3)]
  2645 | Ossuary  | 2645 ||| READING 2 scrolls of teleportation.
  2648 | Ossuary  | 2648 ||| FLEEEEING.
  2649 | Ossuary  | 2649 ||| FLEEEEING.
  2650 | Ossuary  | 2650 ||| READING scroll of teleportation.
  2651 | Ossuary  | HP: 9/38 [mummy (1)]
  2652 | Ossuary  | HP: 2/38 [mummy (7)]
  2820 | Ossuary  | 2820 ||| READING scroll of enchant armour.
  2820 | Ossuary  | 2820 ||| ENCHANTING +0 pair of gloves.
  2834 | Ossuary  | 2834 ||| READING scroll labelled MUOCRE VOLAWI.
  2835 | Ossuary  | 2835 ||| READING 2 scrolls labelled XOGOONEOGE.
  2836 | Ossuary  | 2836 ||| DROPPING scroll of revelation.
  2845 | D:4      | 2845 ||| PLANNING D:1-11
  2863 | D:4      | 2863 ||| FLEEEEING.
  2864 | D:4      | 2864 ||| FLEEEEING.
  2865 | D:4      | 2865 ||| FLEEEEING.
  2866 | D:4      | 2866 ||| FLEEEEING.
  2867 | D:4      | 2867 ||| FLEEEEING.
  2870 | D:4      | 2870 ||| Stepping ~*~*~tactically~*~*~ (stealth).
  2890 | D:4      | Killed Eustachio
  2891 | D:4      | Reached skill level 6 in Axes
  2911 | D:4      | 2911 ||| FLEEEEING.
  2912 | D:4      | 2912 ||| FLEEEEING.
  2913 | D:4      | 2913 ||| FLEEEEING.
  2914 | D:4      | 2914 ||| FLEEEEING.
  2915 | D:4      | 2915 ||| FLEEEEING.
  2979 | D:4      | Reached skill level 1 in Dodging
  2979 | D:4      | Reached XP level 7. HP: 37/43 MP: 7/7
  3073 | D:4      | Found a basalt altar of Yredelemnul.
  3252 | D:4      | Found a runed translucent door.
  3253 | D:4      | Noticed Crazy Yiuf
  3469 | D:4      | 3469 ||| READING scroll labelled DAGHISK WYPTE.
  3470 | D:4      | 3470 ||| DRINKING 3 sedimented golden potions.
  3471 | D:4      | 3471 ||| READING 2 scrolls of identify.
  3471 | D:4      | 3471 ||| IDENTIFYING pink potion
  3472 | D:4      | 3472 ||| DROPPING potion of berserk rage.
  3509 | D:5      | Entered Level 5 of the Dungeon
  3509 | D:5      | Noticed Grinder
  3510 | D:5      | 3510 ||| Stepping ~*~*~tactically~*~*~ (hiding).
  3511 | D:5      | 3511 ||| Stepping ~*~*~tactically~*~*~ (hiding).
  3519 | D:5      | Killed Grinder
  3520 | D:5      | Reached skill level 7 in Axes
  3530 | D:5      | Noticed Sigmund
  3531 | D:5      | 3531 ||| Stepping ~*~*~tactically~*~*~ (hiding).
  3532 | D:5      | 3532 ||| Stepping ~*~*~tactically~*~*~ (hiding).
  3533 | D:5      | 3533 ||| Stepping ~*~*~tactically~*~*~ (hiding).
  3544 | D:5      | Killed Sigmund
  3720 | D:5      | Reached XP level 8. HP: 50/50 MP: 8/8
  4005 | D:5      | Found a burning altar of Makhleb.
  4013 | D:5      | Found an ornate altar of the Wu Jian Council.
  4217 | D:5      | 4217 ||| Stepping ~*~*~tactically~*~*~ (hiding).
  4219 | D:5      | 4219 ||| Stepping ~*~*~tactically~*~*~ (hiding).
  4221 | D:5      | 4221 ||| Stepping ~*~*~tactically~*~*~ (hiding).
  4222 | D:5      | 4222 ||| Stepping ~*~*~tactically~*~*~ (hiding).
  4369 | D:5      | Reached skill level 8 in Axes
  4406 | D:5      | Noticed a hornet
  4432 | D:5      | Killed a hornet
  4433 | D:5      | Reached skill level 6 in Fighting
  4513 | D:5      | Found the +2 Maxwell's thermic engine {flame, freeze, rev}
  4527 | D:5      | Noticed Pikel
  4549 | D:5      | Killed Pikel
  4550 | D:5      | Reached skill level 9 in Axes
  4550 | D:5      | Reached XP level 9. HP: 41/56 MP: 9/9
  4550 | D:5      | 4550 ||| FLEEEEING.
  4611 | D:5      | 4611 ||| DROPPING +0 whip.
  4646 | D:5      | 4646 ||| DROPPING +0 whip of venom.
  4897 | D:5      | Found a radiant altar of Vehumet.
  5065 | D:5      | 5065 ||| UPGRADING to ring of resist corrosion.
  5066 | D:5      | 5066 ||| READING scroll labelled IGOWKO WOWK.
  5107 | D:5      | 5107 ||| READING scroll labelled KOGROE TOILAK.
  5108 | D:5      | 5108 ||| DRINKING 2 golden potions.
  5109 | D:5      | 5109 ||| READING 2 scrolls of identify.
  5109 | D:5      | 5109 ||| IDENTIFYING white potion
  5199 | D:6      | 5199 ||| STAIRDANCE
  5201 | D:6      | 5201 ||| STAIRDANCE
  5203 | D:5      | 5203 ||| DRINKING 2 potions of curing.
  5203 | D:5      | 5203 ||| (to cure confusion)
  5209 | D:5      | 5209 ||| DROPPING +0 whip of electrocution.
  5268 | D:6      | 5268 ||| Stepping ~*~*~tactically~*~*~ (stealth).
  5336 | D:6      | HP: 6/57 [steam dragon/ball of steam (19)]
  5337 | D:6      | 5337 ||| READING 2 scrolls of teleportation.
  5338 | D:6      | 5338 ||| DRINKING potion of heal wounds.
  5341 | D:6      | Reached skill level 10 in Axes
  5436 | D:6      | Found an opulent altar of Gozag.
  5728 | D:6      | 5728 ||| DRINKING potion of curing.
  5728 | D:6      | 5728 ||| (to cure confusion)
  5899 | D:6      | Found a hazy altar of Hepliaklqana.
  5968 | D:6      | 5968 ||| DROPPING +1 robe of resistance.
  5969 | D:6      | 5969 ||| UPGRADING to +0 plate armour.
  5979 | D:6      | 5979 ||| DROPPING +0 chain mail.
  5980 | D:6      | 5980 ||| UPGRADING to +0 tower shield.
  5990 | D:6      | 5990 ||| DROPPING +0 buckler.
  5991 | D:6      | 5991 ||| READING scroll labelled LUASTR WUITIAN.
  5992 | D:6      | 5992 ||| READING 2 scrolls of identify.
  5992 | D:6      | 5992 ||| IDENTIFYING metallic puce potion
  5993 | D:6      | 5993 ||| DROPPING potion of degeneration.
  6184 | D:7      | 6184 ||| Stepping ~*~*~tactically~*~*~ (stealth).
  6298 | D:7      | 6298 ||| Stepping ~*~*~tactically~*~*~ (stealth).
  6422 | D:7      | Reached skill level 6 in Shields
  6422 | D:7      | Reached XP level 10. HP: 63/63 MP: 10/10
  6433 | D:7      | Found a shimmering altar of Xom.
  6498 | D:7      | Found a staircase to the Ecumenical Temple.
  6499 | D:7      | 6499 ||| PLANNING TEMPLE
  6499 | D:7      | 6499 ||| Stepping ~*~*~tactically~*~*~ (hiding).
  6529 | D:7      | 6529 ||| UPGRADING to +0 helmet.
  6534 | D:7      | 6534 ||| UPGRADING to ring of positive energy.
  6535 | D:7      | 6535 ||| DRINKING 2 fuming red potions.
  6564 | Temple   | Entered the Ecumenical Temple
  6759 | Temple   | 6759 ||| PLANNING OKAWARU WORSHIP
  7005 | Temple   | Became a worshipper of Warmaster Okawaru
  7006 | Temple   | 7006 ||| PLANNING D:1-11
  7146 | D:8      | 7146 ||| Stepping ~*~*~tactically~*~*~ (hiding).
  7193 | D:8      | 7193 ||| Stepping ~*~*~tactically~*~*~ (stealth).
  7460 | D:8      | 7460 ||| Stepping ~*~*~tactically~*~*~ (hiding).
  7461 | D:8      | 7461 ||| Stepping ~*~*~tactically~*~*~ (hiding).
  7482 | D:8      | 7482 ||| Stepping ~*~*~tactically~*~*~ (cloud).
  7489 | D:8      | HP: 9/63 [steam dragon/ball of steam (17)]
  7490 | D:8      | 7490 ||| READING scroll of teleportation.
  7639 | D:8      | 7639 ||| FLEEEEING.
  7640 | D:8      | 7640 ||| FLEEEEING.
  7641 | D:8      | 7641 ||| FLEEEEING.
  7642 | D:8      | 7642 ||| FLEEEEING.
  7650 | D:8      | 7650 ||| STAIRDANCE
  7902 | D:8      | Reached * piety under Okawaru
  7956 | D:8      | 7956 ||| UPGRADING to +7 war axe.
  7957 | D:8      | 7957 ||| DROPPING +0 flail.
  7958 | D:8      | 7958 ||| DROPPING +0 war axe of electrocution.
  7990 | D:8      | 7990 ||| Stepping ~*~*~tactically~*~*~ (stealth).
  7999 | D:8      | Reached skill level 1 in Invocations
  8000 | D:8      | Reached skill level 9 in Shields
  8167 | D:8      | 8167 ||| INVOKING Heroism.
  8385 | D:8      | 8385 ||| Stepping ~*~*~tactically~*~*~ (hiding).
  8386 | D:8      | 8386 ||| Stepping ~*~*~tactically~*~*~ (hiding).
  8392 | D:8      | Reached skill level 3 in Invocations
  8527 | D:8      | 8527 ||| INVOKING Heroism.
  8528 | D:8      | 8528 ||| Stepping ~*~*~tactically~*~*~ (cloud).
  8529 | D:8      | 8529 ||| Stepping ~*~*~tactically~*~*~ (cloud).
  8536 | D:8      | 8536 ||| Stepping ~*~*~tactically~*~*~ (cloud).
  8537 | D:8      | 8537 ||| Stepping ~*~*~tactically~*~*~ (cloud).
  8577 | D:8      | 8577 ||| Stepping ~*~*~tactically~*~*~ (hiding).
  8578 | D:8      | 8578 ||| Stepping ~*~*~tactically~*~*~ (hiding).
  8579 | D:8      | 8579 ||| Stepping ~*~*~tactically~*~*~ (hiding).
  8583 | D:8      | Noticed Maurice
  8593 | D:8      | 8593 ||| Stepping ~*~*~tactically~*~*~ (hiding).
  8604 | D:8      | Killed Maurice
  8660 | D:8      | 8660 ||| UPGRADING to +0 cloak.
  8710 | D:9      | 8710 ||| Stepping ~*~*~tactically~*~*~ (hiding).
  8718 | D:9      | Reached ** piety under Okawaru
  8828 | D:9      | 8828 ||| DRINKING 2 potions of curing.
  8828 | D:9      | 8828 ||| (to cure confusion)
  8829 | D:9      | 8829 ||| Stepping ~*~*~tactically~*~*~ (hiding).
  8850 | D:9      | 8850 ||| Stepping ~*~*~tactically~*~*~ (stealth).
  8851 | D:9      | 8851 ||| Stepping ~*~*~tactically~*~*~ (stealth).
  8853 | D:9      | 8853 ||| INVOKING Heroism.
  8862 | D:9      | 8862 ||| Stepping ~*~*~tactically~*~*~ (stealth).
  8877 | D:9      | 8877 ||| READING scroll of teleportation.
  8878 | D:9      | 8878 ||| FLEEEEING.
  8879 | D:9      | 8879 ||| FLEEEEING.
  8880 | D:9      | 8880 ||| INVOKING Heroism.
  8982 | D:9      | Noticed a cyclops
  8983 | D:9      | 8983 ||| Stepping ~*~*~tactically~*~*~ (hiding).
  8987 | D:9      | 8987 ||| INVOKING Heroism.
  8993 | D:9      | Killed a cyclops
  8994 | D:9      | Reached XP level 11. HP: 67/67 MP: 11/14
  9204 | D:9      | Reached skill level 6 in Armour
  9235 | D:9      | 9235 ||| Stepping ~*~*~tactically~*~*~ (stealth).
  9253 | D:9      | 9253 ||| Stepping ~*~*~tactically~*~*~ (stealth).
  9254 | D:9      | 9254 ||| Stepping ~*~*~tactically~*~*~ (stealth).
  9256 | D:9      | 9256 ||| Stepping ~*~*~tactically~*~*~ (hiding).
  9258 | D:9      | 9258 ||| Stepping ~*~*~tactically~*~*~ (hiding).
  9380 | D:9      | Identified the +2 falchion of Honour {venom, Contam +Blink
                  | rElec rCorr}
  9400 | D:9      | Found a hide-covered altar of Uskayaw.
  9500 | D:9      | 9500 ||| INVOKING Heroism.
  9505 | D:9      | 9505 ||| Stepping ~*~*~tactically~*~*~ (cloud).
  9559 | D:9      | Noticed a wolf spider
  9757 | D:9      | 9757 ||| READING scroll labelled BYPNOAHEDE.
  9800 | D:9      | 9800 ||| READING 3 scrolls of identify.
  9800 | D:9      | 9800 ||| IDENTIFYING clear potion
  9801 | D:9      | 9801 ||| READING 2 scrolls of identify.
  9801 | D:9      | 9801 ||| IDENTIFYING murky sapphire potion
  9802 | D:9      | 9802 ||| DROPPING potion of brilliance.
  9870 | D:10     | Entered Level 10 of the Dungeon
  9877 | D:10     | 9877 ||| Stepping ~*~*~tactically~*~*~ (stealth).
  9879 | D:10     | 9879 ||| Stepping ~*~*~tactically~*~*~ (stealth).
  9881 | D:10     | 9881 ||| Stepping ~*~*~tactically~*~*~ (hiding).
  9993 | D:10     | Noticed a two-headed ogre
  9994 | D:10     | 9994 ||| INVOKING Heroism.
 10012 | D:10     | Killed a two-headed ogre
 10079 | D:10     | 10079 ||| Stepping ~*~*~tactically~*~*~ (stealth).
 10080 | D:10     | 10080 ||| Stepping ~*~*~tactically~*~*~ (stealth).
 10084 | D:10     | 10084 ||| INVOKING Heroism.
 10150 | D:10     | 10150 ||| INVOKING Heroism.
 10231 | D:10     | Reached skill level 12 in Shields
 10473 | D:10     | Found a stormy altar of Qazlal.
 10540 | D:10     | 10540 ||| READING scroll labelled LEAKLA RUUHA.
 10554 | D:11     | Noticed a manticore
 10554 | D:11     | Noticed a catoblepas
 10555 | D:11     | 10555 ||| INVOKING Heroism.
 10568 | D:11     | Killed a catoblepas
 10576 | D:11     | Killed a manticore
 10576 | D:11     | Reached *** piety under Okawaru
 10676 | D:11     | 10676 ||| Stepping ~*~*~tactically~*~*~ (hiding).
 10765 | D:11     | Found a staircase to the Orcish Mines.
 10768 | D:11     | 10768 ||| Stepping ~*~*~tactically~*~*~ (stealth).
 10769 | D:11     | 10769 ||| Stepping ~*~*~tactically~*~*~ (stealth).
 10834 | D:11     | 10834 ||| Stepping ~*~*~tactically~*~*~ (stealth).
 10836 | D:11     | 10836 ||| Stepping ~*~*~tactically~*~*~ (hiding).
 10842 | D:11     | 10842 ||| INVOKING Heroism.
 10848 | D:11     | 10848 ||| Stepping ~*~*~tactically~*~*~ (hiding).
 10881 | D:11     | Found a staircase to the Lair.
 11244 | D:11     | 11244 ||| Stepping ~*~*~tactically~*~*~ (hiding).
 11248 | D:11     | 11248 ||| INVOKING Heroism.
 11271 | D:11     | 11271 ||| INVOKING Heroism.
 11278 | D:11     | Reached XP level 12. HP: 70/73 MP: 12/15
 11304 | D:11     | 11304 ||| READING scroll of enchant armour.
 11304 | D:11     | 11304 ||| ENCHANTING +1 pair of gloves.
 11825 | D:11     | Reached **** piety under Okawaru
 11859 | D:11     | 11859 ||| Stepping ~*~*~tactically~*~*~ (hiding).
 12153 | D:11     | 12153 ||| PLANNING LAIR
 12153 | D:11     | 12153 ||| UPGRADING to +1 cloak.
 12163 | D:11     | 12163 ||| DROPPING +0 cloak.
 12164 | D:11     | 12164 ||| READING 2 scrolls of identify.
 12164 | D:11     | 12164 ||| IDENTIFYING orange potion
 12165 | D:11     | 12165 ||| DRINKING potion of experience.
 12165 | D:11     | Reached skill level 11 in Axes
 12165 | D:11     | Reached XP level 13. HP: 78/78 MP: 15/18
 12237 | Lair:1   | Entered Level 1 of the Lair of Beasts
 12244 | Lair:1   | Noticed Joseph
 12258 | Lair:1   | Killed Joseph
 12295 | Lair:1   | 12295 ||| INVOKING Heroism.
 12306 | Lair:1   | Noticed Maggie
 12317 | Lair:1   | Killed Maggie
 12647 | Lair:1   | You fall into a shaft and drop 1 floor!
 12725 | Lair:2   | Reached skill level 9 in Invocations
 12753 | Lair:2   | 12753 ||| Stepping ~*~*~tactically~*~*~ (stealth).
 12762 | Lair:2   | 12762 ||| Stepping ~*~*~tactically~*~*~ (stealth).
 12792 | Lair:2   | 12792 ||| Stepping ~*~*~tactically~*~*~ (stealth).
 12794 | Lair:2   | 12794 ||| Stepping ~*~*~tactically~*~*~ (stealth).
 12796 | Lair:2   | 12796 ||| Stepping ~*~*~tactically~*~*~ (hiding).
 12800 | Lair:2   | Reached ***** piety under Okawaru
 12801 | Lair:2   | Reached skill level 3 in Throwing
 12822 | Lair:2   | Identified the +6 broad axe of Sirurr {drain, Int+3}
                  | (Okawaru gifted it to you on level 2 of the Lair of Beasts)
 12822 | Lair:2   | Received a gift from Okawaru
 12888 | Lair:2   | 12888 ||| UPGRADING to +6 broad axe of Sirurr {drain,
                  | Int+3}.
 12927 | Lair:2   | 12927 ||| INVOKING Heroism.
 13019 | Lair:2   | 13019 ||| INVOKING Heroism.
 13053 | Lair:2   | 13053 ||| Stepping ~*~*~tactically~*~*~ (stealth).
 13110 | Lair:2   | 13110 ||| Stepping ~*~*~tactically~*~*~ (hiding).
 13118 | Lair:2   | Reached skill level 9 in Fighting
 13203 | Lair:2   | Found a hole to the Spider Nest.
 13286 | Lair:2   | 13286 ||| UPGRADING to scarf of repulsion.
 13405 | Lair:1   | 13405 ||| INVOKING Heroism.
 13419 | Lair:1   | 13419 ||| Stepping ~*~*~tactically~*~*~ (stealth).
 13423 | Lair:1   | 13423 ||| INVOKING Heroism.
 13651 | Lair:2   | 13651 ||| INVOKING Heroism.
 13725 | Lair:2   | 13725 ||| INVOKING Heroism.
 13733 | Lair:2   | Reached skill level 12 in Axes
 14040 | Lair:3   | 14040 ||| PLANNING GAUNTLET
 14040 | Lair:3   | 14040 ||| Stepping ~*~*~tactically~*~*~ (hiding).
 14041 | Lair:3   | 14041 ||| INVOKING Heroism.
 14043 | Lair:3   | 14043 ||| SWAPPING to +3 flail.
 14050 | Lair:3   | 14050 ||| STAIRDANCE
 14212 | Lair:2   | 14212 ||| UPGRADING to +6 broad axe of Sirurr {drain,
                  | Int+3}.
 14276 | Lair:3   | Found a gate leading to a gauntlet.
 14285 | Gauntlet | Entered a Gauntlet
 14285 | Gauntlet | Found a transporter.
 14294 | Gauntlet | Found a transporter.
 14297 | Gauntlet | Found a transporter.
 14298 | Gauntlet | Found a transporter.
 14306 | Gauntlet | Found a transporter.
 14309 | Gauntlet | Found a transporter.
 14310 | Gauntlet | Found a transporter.
 14319 | Gauntlet | Found a transporter.
 14322 | Gauntlet | Found a transporter.
 14323 | Gauntlet | Found a transporter.
 14335 | Gauntlet | Found a transporter.
 14336 | Gauntlet | Found a transporter.
 14340 | Gauntlet | Found a transporter.
 14344 | Gauntlet | Found a transporter.
 14499 | Gauntlet | 14499 ||| UPGRADING to +6 ring of dexterity.
 14501 | Gauntlet | 14501 ||| UPGRADING to ring of resist corrosion.
 14545 | Gauntlet | Identified the +6 chain mail "Fecvet" {Drain Int+4}
 14545 | Gauntlet | Noticed a minotaur
 14546 | Gauntlet | 14546 ||| INVOKING Heroism.
 14556 | Gauntlet | Killed a minotaur
 14557 | Gauntlet | Reached skill level 3 in Dodging
 14557 | Gauntlet | Gained mutation: Your large and strong wings let you fly.
                  | [Gargoyle growth]
 14557 | Gauntlet | Reached XP level 14. HP: 72/86 MP: 19/21
 14602 | Gauntlet | Identified the +1 robe of Byohoyp {rPois Dex+2 Slay-4
                  | Archmagi}
 14608 | Gauntlet | Identified the +3 helmet "Bota" {-Tele rN+++ Will- rCorr}
 14638 | Gauntlet | 14638 ||| DROPPING +1 cloak.
 14639 | Gauntlet | 14639 ||| UPGRADING to +6 chain mail "Fecvet" {Drain
                  | Int+4}.
 14649 | Gauntlet | 14649 ||| DROPPING +0 plate armour.
 14650 | Gauntlet | 14650 ||| DROPPING +2 hat of stealth.
 14651 | Gauntlet | 14651 ||| UPGRADING to +0 tower shield of protection.
 14661 | Gauntlet | 14661 ||| DROPPING +0 tower shield.
 14662 | Gauntlet | 14662 ||| READING scroll labelled SEULUM BUANG.
 14674 | Lair:3   | 14674 ||| PLANNING LAIR
 14805 | Lair:3   | 14805 ||| INVOKING Heroism.
 14883 | Lair:3   | 14883 ||| Stepping ~*~*~tactically~*~*~ (hiding).
 14884 | Lair:3   | 14884 ||| Stepping ~*~*~tactically~*~*~ (hiding).
 14886 | Lair:3   | 14886 ||| Stepping ~*~*~tactically~*~*~ (hiding).
 15103 | Lair:3   | 15103 ||| INVOKING Heroism.
 15107 | Lair:3   | 15107 ||| SWAPPING to +3 flail.
 15112 | Lair:3   | 15112 ||| UPGRADING to +8 war axe.
 15113 | Lair:3   | 15113 ||| UPGRADING to +6 broad axe of Sirurr {drain,
                  | Int+3}.
 15129 | Lair:3   | 15129 ||| Stepping ~*~*~tactically~*~*~ (hiding).
 15298 | Lair:3   | Found a staircase to the Swamp.
 15534 | Lair:3   | Identified the +0 pair of gloves of Okawaru's Wrath {Regen+
                  | Int+2} (Okawaru gifted it to you on level 3 of the Lair of
                  | Beasts)
 15534 | Lair:3   | Received a gift from Okawaru
 15692 | Lair:3   | 15692 ||| INVOKING Heroism.
 15693 | Lair:3   | 15693 ||| INVOKING Finesse.
 15848 | Lair:3   | 15848 ||| UPGRADING to +0 pair of gloves of Okawaru's Wrath
                  | {Regen+ Int+2}.
 15858 | Lair:3   | 15858 ||| DROPPING +2 pair of gloves.
 15875 | Lair:4   | 15875 ||| FLEEEEING.
 15880 | Lair:4   | 15880 ||| STAIRDANCE
 15886 | Lair:4   | 15886 ||| STAIRDANCE
 15890 | Lair:4   | 15890 ||| STAIRDANCE
 15892 | Lair:3   | 15892 ||| INVOKING Heroism.
 15906 | Lair:4   | 15906 ||| Stepping ~*~*~tactically~*~*~ (stealth).
 15907 | Lair:4   | 15907 ||| Stepping ~*~*~tactically~*~*~ (stealth).
 16039 | Lair:4   | 16039 ||| Stepping ~*~*~tactically~*~*~ (stealth).
 16137 | Lair:4   | 16137 ||| INVOKING Heroism.
 16232 | Lair:4   | 16232 ||| Stepping ~*~*~tactically~*~*~ (stealth).
 16243 | Lair:4   | Noticed an azure jelly
 16244 | Lair:4   | 16244 ||| INVOKING Heroism.
 16253 | Lair:4   | Killed an azure jelly
 16254 | Lair:4   | Reached skill level 13 in Axes
 16482 | Lair:4   | Reached skill level 15 in Shields
 16838 | Lair:4   | 16838 ||| READING 2 scrolls of identify.
 16838 | Lair:4   | 16838 ||| IDENTIFYING blue potion
 16850 | Lair:5   | Entered Level 5 of the Lair of Beasts
 16995 | Lair:5   | 16995 ||| INVOKING Heroism.
 17000 | Lair:5   | 17000 ||| SWAPPING to +3 flail.
 17021 | Lair:5   | 17021 ||| UPGRADING to +8 war axe.
 17022 | Lair:5   | 17022 ||| UPGRADING to +6 broad axe of Sirurr {drain,
                  | Int+3}.
 17166 | Lair:5   | Reached skill level 14 in Axes
 17197 | Lair:5   | Found a staircase to the Slime Pits.
 17254 | Lair:5   | 17254 ||| INVOKING Heroism.
 17387 | Lair:5   | 17387 ||| INVOKING Heroism.
 17396 | Lair:5   | Received a gift from Okawaru
 17426 | Lair:5   | 17426 ||| INVOKING Heroism.
 17435 | Lair:5   | Reached XP level 15. HP: 79/92 MP: 20/22
 17456 | Lair:5   | 17456 ||| Stepping ~*~*~tactically~*~*~ (stealth).
 17458 | Lair:5   | 17458 ||| Stepping ~*~*~tactically~*~*~ (stealth).
 17513 | Lair:5   | Received a gift from Okawaru
 17680 | Lair:5   | Identified the +11 broad axe of Ewieh {protect, *Rage rF+++
                  | rC++ Stlth-} (Okawaru gifted it to you on level 5 of the
                  | Lair of Beasts)
 17680 | Lair:5   | Received a gift from Okawaru
 17682 | Lair:5   | 17682 ||| DROPPING +11 broad axe of Ewieh {protect, *Rage
                  | rF+++ rC++ Stlth-}.
 17868 | Lair:5   | 17868 ||| PLANNING D
 17868 | Lair:5   | 17868 ||| DROPPING +2 hat of stealth.
 17869 | Lair:5   | 17869 ||| READING 2 scrolls of identify.
 17869 | Lair:5   | 17869 ||| IDENTIFYING viscous emerald potion
 17870 | Lair:5   | 17870 ||| DROPPING potion of ambrosia.
 17978 | D:12     | 17978 ||| Stepping randomly (disturbance).
 18033 | D:12     | 18033 ||| INVOKING Heroism.
 18215 | D:12     | Noticed Urug
 18216 | D:12     | 18216 ||| Stepping ~*~*~tactically~*~*~ (hiding).
 18221 | D:12     | 18221 ||| INVOKING Heroism.
 18222 | D:12     | 18222 ||| INVOKING Finesse.
 18228 | D:12     | Killed Urug
 18267 | D:12     | Reached skill level 9 in Armour
 18380 | D:12     | 18380 ||| Stepping ~*~*~tactically~*~*~ (stealth).
 18382 | D:12     | 18382 ||| Stepping ~*~*~tactically~*~*~ (hiding).
 18396 | D:12     | 18396 ||| Stepping ~*~*~tactically~*~*~ (hiding).
 18405 | D:12     | 18405 ||| Stepping ~*~*~tactically~*~*~ (stealth).
 18411 | D:12     | 18411 ||| Stepping ~*~*~tactically~*~*~ (stealth).
 18412 | D:12     | 18412 ||| Stepping ~*~*~tactically~*~*~ (stealth).
 18539 | D:12     | 18539 ||| Stepping ~*~*~tactically~*~*~ (hiding).
 18541 | D:12     | 18541 ||| Stepping ~*~*~tactically~*~*~ (hiding).
 18600 | D:12     | 18600 ||| DRINKING 5 potions of curing.
 18600 | D:12     | 18600 ||| (to cure confusion)
 18616 | D:12     | Found a portal to a secret trove of treasure.
 18645 | D:12     | 18645 ||| READING 4 scrolls of teleportation.
 18646 | D:12     | 18646 ||| INVOKING Heroism.
 18891 | D:12     | 18891 ||| UPGRADING to amulet of the acrobat.
 18896 | D:12     | 18896 ||| UPGRADING to ring of see invisible.
 18898 | D:12     | 18898 ||| UPGRADING to +6 ring of dexterity.
 18900 | D:12     | 18900 ||| DRINKING 2 cyan potions.
 18900 | D:12     | Gained mutation: You sometimes lose your temper in combat.
                  | [potion of mutation]
 18901 | D:12     | 18901 ||| DRINKING potion of mutation.
 18901 | D:12     | Lost mutation: You sometimes lose your temper in combat.
                  | [potion of mutation]
 18901 | D:12     | Gained mutation: You occasionally lose the ability to read
                  | scrolls when taking damage. [potion of mutation]
 18901 | D:12     | Gained mutation: You sometimes lose your temper in combat.
                  | [potion of mutation]
 18901 | D:12     | Gained mutation: You have a pair of small antennae on your
                  | head. [potion of mutation]
 18902 | D:12     | 18902 ||| DROPPING +0 helmet.
 18903 | D:12     | 18903 ||| DROPPING +3 helmet "Bota" {-Tele rN+++ Will-
                  | rCorr}.
 18980 | D:13     | Found a gate to the Vaults.
 18990 | D:13     | 18990 ||| INVOKING Heroism.
 19297 | D:13     | Found a transporter.
 19298 | D:13     | Found Reqoit's Antique Armour Shop.
 19332 | D:13     | Noticed qw's ghost (journeyman GrFi)
 19350 | D:13     | Found a transporter.
 19561 | D:13     | 19561 ||| STAIRDANCE
 19663 | D:12     | 19663 ||| READING 2 scrolls of identify.
 19663 | D:12     | 19663 ||| IDENTIFYING red potion
 19664 | D:12     | 19664 ||| DROPPING potion of invisibility.
 20104 | D:14     | Found an ornate altar of the Wu Jian Council.
 20127 | D:14     | 20127 ||| Stepping ~*~*~tactically~*~*~ (hiding).
 20140 | D:14     | Reached skill level 6 in Throwing
 20389 | D:14     | 20389 ||| Stepping ~*~*~tactically~*~*~ (hiding).
 20391 | D:14     | 20391 ||| Stepping ~*~*~tactically~*~*~ (hiding).
 20517 | D:14     | Found a large runed translucent door.
 20517 | D:14     | Found a large runed translucent door.
 20518 | D:14     | Noticed Cown's ghost (journeyman TrHu)
 20597 | D:14     | 20597 ||| Stepping ~*~*~tactically~*~*~ (stealth).
 20626 | D:14     | 20626 ||| DROPPING +8 war axe.
 21548 | D:15     | Entered Level 15 of the Dungeon
 21549 | D:15     | 21549 ||| STAIRDANCE
 21691 | D:15     | 21691 ||| INVOKING Heroism.
 21716 | D:15     | 21716 ||| STAIRDANCE
 21716 | D:15     | HP: 8/94 [rakshasa/+3 whip of distortion (18)]
 21718 | D:14     | 21718 ||| DRINKING 5 potions of heal wounds.
 21820 | D:15     | 21820 ||| INVOKING Heroism.
 21822 | D:15     | Received a gift from Okawaru
 21845 | D:15     | Found a staircase to the Depths.
 21900 | D:15     | Reached skill level 15 in Axes
 21907 | D:15     | 21907 ||| Stepping ~*~*~tactically~*~*~ (stealth).
 21908 | D:15     | 21908 ||| Stepping ~*~*~tactically~*~*~ (stealth).
 21914 | D:15     | 21914 ||| INVOKING Heroism.
 21919 | D:15     | 21919 ||| Stepping ~*~*~tactically~*~*~ (stealth).
 21996 | D:15     | 21996 ||| Stepping ~*~*~tactically~*~*~ (stealth).
 21997 | D:15     | 21997 ||| Stepping ~*~*~tactically~*~*~ (stealth).
 22012 | D:15     | 22012 ||| Stepping ~*~*~tactically~*~*~ (stealth).
 22013 | D:15     | 22013 ||| INVOKING Heroism.
 22036 | D:15     | Reached skill level 12 in Fighting
 22082 | D:15     | Found a broken altar of Ashenzari.
 22083 | D:15     | Noticed a fire giant
 22084 | D:15     | 22084 ||| Stepping ~*~*~tactically~*~*~ (hiding).
 22086 | D:15     | 22086 ||| INVOKING Heroism.
 22087 | D:15     | 22087 ||| INVOKING Finesse.
 22093 | D:15     | Killed a fire giant
 22094 | D:15     | Reached XP level 16. HP: 101/101 MP: 15/23
 22141 | D:15     | 22141 ||| Stepping ~*~*~tactically~*~*~ (stealth).
 22147 | D:15     | 22147 ||| INVOKING Heroism.
 22150 | D:15     | 22150 ||| INVOKING Finesse.
 22214 | D:15     | Found a radiant altar of Vehumet.
 22228 | D:15     | Noticed a storm dragon
 22229 | D:15     | 22229 ||| INVOKING Heroism.
 22240 | D:15     | Killed a storm dragon
 22334 | D:15     | 22334 ||| INVOKING Heroism.
 22336 | D:15     | Identified the +1 ring mail "Tiocvane" {Rampage Dex+3 SInv}
 22353 | D:15     | 22353 ||| Stepping ~*~*~tactically~*~*~ (hiding).
 22354 | D:15     | 22354 ||| Stepping ~*~*~tactically~*~*~ (hiding).
 22399 | D:15     | 22399 ||| STAIRDANCE
 22460 | D:15     | 22460 ||| STAIRDANCE
 22538 | D:15     | 22538 ||| Stepping ~*~*~tactically~*~*~ (hiding).
 22718 | D:15     | 22718 ||| PLANNING ORC
 22828 | Orc:1    | Entered Level 1 of the Orcish Mines
 22833 | Orc:1    | 22833 ||| Stepping ~*~*~tactically~*~*~ (hiding).
 22846 | Orc:1    | 22846 ||| Stepping ~*~*~tactically~*~*~ (stealth).
 22848 | Orc:1    | 22848 ||| INVOKING Heroism.
 22852 | Orc:1    | 22852 ||| Stepping ~*~*~tactically~*~*~ (hiding).
 22853 | Orc:1    | 22853 ||| Stepping ~*~*~tactically~*~*~ (hiding).
 22968 | Orc:1    | 22968 ||| DROPPING +3 flail.
 23014 | Orc:1    | 23014 ||| Stepping ~*~*~tactically~*~*~ (stealth).
 23015 | Orc:1    | Noticed Jorgrun
 23016 | Orc:1    | 23016 ||| INVOKING Heroism.
 23032 | Orc:1    | Killed Jorgrun
 23032 | Orc:1    | Received a gift from Okawaru
 23458 | Orc:2    | Entered Level 2 of the Orcish Mines
 23459 | Orc:2    | 23459 ||| INVOKING Heroism.
 23618 | Orc:2    | 23618 ||| INVOKING Heroism.
 23681 | Orc:2    | Found Qihauvum's Firing Range.
 23819 | Orc:2    | Found Jeucsick's Distillery.
 23822 | Orc:2    | 23822 ||| BUYING 2 potions of mutation (272 gold).
 23822 | Orc:2    | Bought 2 potions of mutation for 272 gold pieces
 23822 | Orc:2    | 23822 ||| BUYING potion of attraction (51 gold).
 23822 | Orc:2    | Bought a potion of attraction for 51 gold pieces
 23822 | Orc:2    | 23822 ||| BUYING potion of cancellation (136 gold).
 23822 | Orc:2    | Bought a potion of cancellation for 136 gold pieces
 23822 | Orc:2    | 23822 ||| BUYING potion of curing (51 gold).
 23822 | Orc:2    | Bought a potion of curing for 51 gold pieces
 23822 | Orc:2    | 23822 ||| BUYING potion of lignification (51 gold).
 23822 | Orc:2    | Bought a potion of lignification for 51 gold pieces
 23822 | Orc:2    | 23822 ||| DRINKING 2 potions of mutation.
 23822 | Orc:2    | Lost mutation: You have a pair of small antennae on your
                  | head. [potion of mutation]
 23822 | Orc:2    | Lost mutation: You sometimes lose your temper in combat.
                  | [potion of mutation]
 23822 | Orc:2    | Gained mutation: Your body sometimes deteriorates upon
                  | taking damage. [potion of mutation]
 23823 | Orc:2    | 23823 ||| DRINKING potion of mutation.
 23823 | Orc:2    | Lost mutation: You occasionally lose the ability to read
                  | scrolls when taking damage. [potion of mutation]
 23823 | Orc:2    | Lost mutation: Your body sometimes deteriorates upon taking
                  | damage. [potion of mutation]
 23823 | Orc:2    | Gained mutation: You have sharp toenails. [potion of
                  | mutation]
 23823 | Orc:2    | Gained mutation: Your flesh is cold resistant. (rC+)
                  | [potion of mutation]
 23987 | Orc:2    | 23987 ||| Stepping ~*~*~tactically~*~*~ (hiding).
 23990 | Orc:2    | 23990 ||| Stepping ~*~*~tactically~*~*~ (hiding).
 24000 | Orc:2    | Found Asexup's Assorted Antiques.
 24002 | Orc:2    | 24002 ||| INVOKING Heroism.
 24009 | Orc:2    | Paralysed by an orc sorcerer for 5 turns
 24017 | Orc:2    | Reached skill level 16 in Axes
 24029 | Orc:2    | HP: 6/101 [orc warrior/+0 glaive (26)]
 24030 | Orc:2    | 24030 ||| READING 7 scrolls of teleportation.
 24031 | Orc:2    | 24031 ||| DRINKING 4 potions of heal wounds.
 24247 | Orc:2    | 24247 ||| INVOKING Heroism.
 24342 | Orc:2    | Found Xenaust's Book Shoppe.
 24358 | Orc:2    | Found a staircase to the Elven Halls.
 24454 | Orc:2    | 24454 ||| INVOKING Heroism.
 24514 | Orc:2    | Found Rire Garph's General Store.
 24515 | Orc:2    | Found Vint's Weapon Emporium.
 24527 | Orc:2    | Found Idiumikh's General Store.
 24547 | Orc:2    | 24547 ||| BUYING potion of curing (72 gold).
 24547 | Orc:2    | Bought a potion of curing for 72 gold pieces
 24547 | Orc:2    | 24547 ||| BUYING scroll of identify (48 gold).
 24547 | Orc:2    | Bought a scroll of identify for 48 gold pieces
 24557 | Orc:2    | 24557 ||| BUYING +0 helmet (63 gold).
 24557 | Orc:2    | Bought a +0 helmet for 63 gold pieces
 24557 | Orc:2    | 24557 ||| BUYING potion of lignification (42 gold).
 24557 | Orc:2    | Bought a potion of lignification for 42 gold pieces
 24557 | Orc:2    | 24557 ||| BUYING ring "Ylergh" {MP+9 Dex+2} (436 gold).
 24557 | Orc:2    | Bought the ring "Ylergh" {MP+9 Dex+2} for 436 gold pieces
 24559 | Orc:2    | 24559 ||| BUYING +2 robe "Puoth" {-Tele rC+++ Regen+ Int-3}
                  | (551 gold).
 24559 | Orc:2    | Bought the +2 robe "Puoth" {-Tele rC+++ Regen+ Int-3} for
                  | 551 gold pieces
 24559 | Orc:2    | 24559 ||| BUYING potion of attraction (42 gold).
 24559 | Orc:2    | Bought a potion of attraction for 42 gold pieces
 24559 | Orc:2    | 24559 ||| SHOPLISTING potion of heal wounds (70 gold, have
                  | 68).
 24571 | Orc:2    | 24571 ||| PLANNING SPIDER:1-3
 24571 | Orc:2    | 24571 ||| UPGRADING to +0 helmet.
 24576 | Orc:2    | 24576 ||| DROPPING ring of positive energy.
 24712 | Spider:1 | Entered Level 1 of the Spider Nest
 24736 | Spider:1 | 24736 ||| Stepping ~*~*~tactically~*~*~ (hiding).
 24737 | Spider:1 | 24737 ||| Stepping ~*~*~tactically~*~*~ (hiding).
 24780 | Spider:1 | 24780 ||| Stepping ~*~*~tactically~*~*~ (hiding).
 24840 | Spider:1 | Identified the +1 robe "Canamnad" {rN++}
 24943 | Spider:1 | 24943 ||| Stepping ~*~*~tactically~*~*~ (stealth).
 24956 | Spider:1 | Received a gift from Okawaru
 25001 | Spider:1 | 25001 ||| Stepping ~*~*~tactically~*~*~ (hiding).
 25183 | Spider:1 | 25183 ||| Stepping ~*~*~tactically~*~*~ (stealth).
 25193 | Spider:1 | 25193 ||| Stepping ~*~*~tactically~*~*~ (stealth).
 25353 | Spider:2 | 25353 ||| INVOKING Heroism.
 25356 | Spider:2 | Received a gift from Okawaru
 25414 | Spider:2 | 25414 ||| Stepping ~*~*~tactically~*~*~ (stealth).
 25515 | Spider:2 | 25515 ||| INVOKING Finesse.
 25516 | Spider:2 | 25516 ||| INVOKING Finesse.
 25543 | Spider:2 | 25543 ||| INVOKING Heroism.
 25640 | Spider:2 | 25640 ||| INVOKING Finesse.
 25670 | Spider:2 | Identified the +2 robe of Tevul {+Inv Str+5} (Okawaru
                  | gifted it to you on level 2 of the Spider Nest)
 25670 | Spider:2 | Received a gift from Okawaru
 25714 | Spider:2 | 25714 ||| Stepping ~*~*~tactically~*~*~ (stealth).
 25728 | Spider:2 | 25728 ||| FLEEEEING.
 25732 | Spider:2 | 25732 ||| FLEEEEING.
 25733 | Spider:2 | 25733 ||| FLEEEEING.
 25734 | Spider:2 | 25734 ||| FLEEEEING.
 25735 | Spider:2 | 25735 ||| FLEEEEING.
 25736 | Spider:2 | 25736 ||| FLEEEEING.
 25737 | Spider:2 | 25737 ||| FLEEEEING.
 25738 | Spider:2 | 25738 ||| FLEEEEING.
 25739 | Spider:2 | 25739 ||| STAIRDANCE
 25843 | Spider:2 | 25843 ||| STAIRDANCE
 25845 | Spider:1 | 25845 ||| INVOKING Finesse.
 25895 | Spider:2 | 25895 ||| INVOKING Heroism.
 25897 | Spider:2 | 25897 ||| Stepping ~*~*~tactically~*~*~ (stealth).
 25915 | Spider:2 | Reached XP level 17. HP: 104/106 MP: 24/24
 25919 | Spider:2 | Reached skill level 17 in Axes
 26037 | Spider:2 | 26037 ||| Stepping ~*~*~tactically~*~*~ (hiding).
 26047 | Spider:2 | 26047 ||| FLEEEEING.
 26048 | Spider:2 | 26048 ||| FLEEEEING.
 26049 | Spider:2 | 26049 ||| FLEEEEING.
 26050 | Spider:2 | 26050 ||| FLEEEEING.
 26051 | Spider:2 | 26051 ||| FLEEEEING.
 26052 | Spider:2 | 26052 ||| FLEEEEING.
 26053 | Spider:2 | 26053 ||| FLEEEEING.
 26054 | Spider:2 | 26054 ||| FLEEEEING.
 26055 | Spider:2 | 26055 ||| FLEEEEING.
 26056 | Spider:2 | 26056 ||| FLEEEEING.
 26057 | Spider:2 | 26057 ||| FLEEEEING.
 26058 | Spider:2 | 26058 ||| FLEEEEING.
 26059 | Spider:2 | 26059 ||| FLEEEEING.
 26060 | Spider:2 | 26060 ||| FLEEEEING.
 26061 | Spider:2 | 26061 ||| FLEEEEING.
 26080 | Spider:2 | Identified the +3 trident "Hiwn" {elec, Stlth+}
 26086 | Spider:2 | 26086 ||| Stepping ~*~*~tactically~*~*~ (stealth).
 26087 | Spider:2 | 26087 ||| Stepping ~*~*~tactically~*~*~ (hiding).
 26088 | Spider:2 | 26088 ||| Stepping ~*~*~tactically~*~*~ (hiding).
 26131 | Spider:2 | 26131 ||| INVOKING Heroism.
 26503 | Spider:3 | 26503 ||| INVOKING Heroism.
 26555 | Spider:3 | Found a frozen archway.
 26561 | Spider:3 | 26561 ||| INVOKING Heroism.
 26802 | Spider:3 | 26802 ||| Stepping ~*~*~tactically~*~*~ (hiding).
 26803 | Spider:3 | 26803 ||| Stepping ~*~*~tactically~*~*~ (hiding).
 26950 | Spider:3 | 26950 ||| INVOKING Heroism.
 27118 | Spider:3 | 27118 ||| Stepping ~*~*~tactically~*~*~ (hiding).
 27133 | Spider:3 | 27133 ||| Stepping ~*~*~tactically~*~*~ (stealth).
 27311 | Spider:3 | Received a gift from Okawaru
 27327 | Spider:3 | 27327 ||| Stepping ~*~*~tactically~*~*~ (stealth).
 27487 | Spider:3 | 27487 ||| PLANNING SWAMP:1-3
 27487 | Spider:3 | 27487 ||| UPGRADING to amulet of regeneration.
 27497 | Spider:3 | 27497 ||| DROPPING amulet of the acrobat.
 27498 | Spider:3 | 27498 ||| DROPPING amulet of guardian spirit.
 27499 | Spider:3 | 27499 ||| DROPPING ring "Ylergh" {MP+9 Dex+2}.
 27500 | Spider:3 | 27500 ||| UPGRADING to +6 ring of strength.
 27502 | Spider:3 | 27502 ||| UPGRADING to ring of see invisible.
 27640 | Swamp:1  | Entered Level 1 of the Swamp
 27654 | Swamp:1  | 27654 ||| Stepping ~*~*~tactically~*~*~ (hiding).
 27655 | Swamp:1  | 27655 ||| Stepping ~*~*~tactically~*~*~ (hiding).
 27656 | Swamp:1  | 27656 ||| Stepping ~*~*~tactically~*~*~ (hiding).
 27666 | Swamp:1  | 27666 ||| INVOKING Heroism.
 27682 | Swamp:1  | 27682 ||| SWAPPING to +0 morningstar.
 27686 | Swamp:1  | HP: 22/108 [acid (7)]
 27687 | Swamp:1  | 27687 ||| READING 7 scrolls of teleportation.
 27688 | Swamp:1  | 27688 ||| DRINKING 3 potions of heal wounds.
 27717 | Swamp:1  | 27717 ||| UPGRADING to +2 broad axe.
 27718 | Swamp:1  | 27718 ||| UPGRADING to +6 broad axe of Sirurr {drain,
                  | Int+3}.
 27723 | Swamp:1  | 27723 ||| Stepping ~*~*~tactically~*~*~ (stealth).
 27724 | Swamp:1  | 27724 ||| Stepping ~*~*~tactically~*~*~ (stealth).
 27736 | Swamp:1  | Received a gift from Okawaru
 27737 | Swamp:1  | 27737 ||| Stepping ~*~*~tactically~*~*~ (hiding).
 27795 | Swamp:1  | Found a runed translucent door.
 27803 | Swamp:1  | 27803 ||| INVOKING Heroism.
 27807 | Swamp:1  | 27807 ||| SWAPPING to +0 morningstar.
 27822 | Swamp:1  | 27822 ||| UPGRADING to +2 broad axe.
 27823 | Swamp:1  | 27823 ||| UPGRADING to +6 broad axe of Sirurr {drain,
                  | Int+3}.
 27864 | Swamp:1  | 27864 ||| INVOKING Heroism.
 27888 | Swamp:1  | 27888 ||| INVOKING Heroism.
 27975 | Swamp:1  | 27975 ||| Stepping ~*~*~tactically~*~*~ (stealth).
 27976 | Swamp:1  | 27976 ||| Stepping ~*~*~tactically~*~*~ (stealth).
 27991 | Swamp:1  | 27991 ||| Stepping ~*~*~tactically~*~*~ (hiding).
 27992 | Swamp:1  | 27992 ||| Stepping ~*~*~tactically~*~*~ (hiding).
 27994 | Swamp:1  | 27994 ||| Stepping ~*~*~tactically~*~*~ (hiding).
 27996 | Swamp:1  | 27996 ||| Stepping ~*~*~tactically~*~*~ (hiding).
 28632 | Swamp:2  | 28632 ||| INVOKING Heroism.
 28637 | Swamp:2  | 28637 ||| SWAPPING to +0 morningstar.
 28644 | Swamp:2  | HP: 21/108 [ghost crab] (7)]
 28645 | Swamp:2  | 28645 ||| READING 6 scrolls of teleportation.
 28646 | Swamp:2  | 28646 ||| DRINKING 3 potions of heal wounds.
 28656 | Swamp:2  | HP: 19/108 [thorn hunter/volley of thorns (29)]
 28657 | Swamp:2  | 28657 ||| READING 5 scrolls of teleportation.
 28658 | Swamp:2  | 28658 ||| DRINKING 2 potions of heal wounds.
 28667 | Swamp:2  | 28667 ||| INVOKING Heroism.
 28703 | Swamp:2  | 28703 ||| FLEEEEING.
 28704 | Swamp:2  | 28704 ||| FLEEEEING.
 28705 | Swamp:2  | 28705 ||| FLEEEEING.
 28706 | Swamp:2  | 28706 ||| INVOKING Heroism.
 28719 | Swamp:2  | 28719 ||| Stepping ~*~*~tactically~*~*~ (hiding).
 28727 | Swamp:2  | Received a gift from Okawaru
 28736 | Swamp:2  | 28736 ||| FLEEEEING.
 28737 | Swamp:2  | 28737 ||| FLEEEEING.
 28738 | Swamp:2  | 28738 ||| STAIRDANCE
 28744 | Swamp:1  | 28744 ||| UPGRADING to +2 broad axe.
 28745 | Swamp:1  | 28745 ||| UPGRADING to +6 broad axe of Sirurr {drain,
                  | Int+3}.
 28791 | Swamp:2  | 28791 ||| INVOKING Heroism.
 28803 | Swamp:2  | 28803 ||| STAIRDANCE
 28957 | Swamp:2  | 28957 ||| INVOKING Heroism.
 29053 | Swamp:2  | 29053 ||| Stepping ~*~*~tactically~*~*~ (stealth).
 29197 | Swamp:2  | 29197 ||| Stepping ~*~*~tactically~*~*~ (stealth).
 29198 | Swamp:2  | 29198 ||| INVOKING Heroism.
 29210 | Swamp:2  | Reached skill level 18 in Axes
 29333 | Swamp:3  | 29333 ||| INVOKING Heroism.
 29349 | Swamp:3  | 29349 ||| SWAPPING to +0 morningstar.
 29351 | Swamp:3  | HP: 23/108 [six-headed hydra[a spriggan druid] (14)]
 29352 | Swamp:3  | 29352 ||| READING 4 scrolls of teleportation.
 29352 | Swamp:3  | HP: 5/108 [six-headed hydra[a spriggan druid] (20)]
 29352 | Swamp:3  | Slain by a six-headed hydra

Levels and vault maps discovered:
D:1:      saegor_arrival_miasma, layout_rooms, roderic_serpentine_path,
          hex_intersection
D:2:      layout_basic, dk_vineyard_1, minmay_misc_feat_columns,
          corexii_hall_statues_deadend
D:3:      layout_basic, mainiacjoe_overflow_24_doors, serial_curves,
          eino_curves_03, eino_curves_02, eino_curves_02, eino_curves_02,
          hangedman_abyss_or_decor_lesser_grid
D:4:      layout_rooms, lemuel_doored_altar, nicolae_ossuary_entry_monument,
          minmay_strange_pillars, chequers_serial_rivers_room_b,
          grunt_decor_resistance, kennysheep_nondescript, uniq_eustachio,
          uniq_crazy_yiuf_cottage
D:5:      minmay_bubble_buster, layout_basic, kennysheep_mini_moat,
          amethyst_overflow_temple_binary, uniq_sigmund, uniq_pikel,
          uniq_grinder
D:6:      layout_loops_ring, worldfamousw_hep_ancestral_shrine,
          nicolae_gozag_cash_rules_everything_around_me
D:7:      layout_rooms, marbit_many_paths, minmay_temple_entry_proselytizer
D:8:      layout_basic, minmay_lizard_king, uniq_maurice
D:9:      layout_loops_cross, mainiacjoe_overflow_surrounded_room,
          kennysheep_island_fort
D:10:     layout_basic, nicolae_qazlal_scattered_showers
D:11:     nzn_motion_control, layout_basic, erik_lair_orcish_takeover,
          orc_0_dummy, serial_bayou, serial_bayou_pond_c, serial_bayou_shore_a,
          serial_bayou_ford_a, serial_bayou_pond_d
D:12:     layout_loops_corners, enter_trove_2, uniq_urug
D:13:     layout_basic, erik_vaults_1, gammafunk_ghost_berserking_beasts,
          serial_shops, nicolae_shop_behind_doors, st_stairs_13
D:14:     layout_basic, nicolae_wu_jian_wuxing_cycle,
          ebering_ghost_disaster_area
D:15:     gammafunk_depths_entry_grave, layout_cave_pools, serial_park,
          serial_park_tiny_2, serial_park_avenue1, serial_park_square2,
          ashenzari_conservatory_becter, minmay_checkered_concentric_circles
Temple:   minmay_temple_forest_path
Lair:1:   layout_misc_corridors, uniq_maggie, uniq_joseph
Lair:2:   layout_long_grid, nicolae_spider_entry_tight_spaces
Lair:3:   layout_layer_cave, nicolae_swamp_entry_splash_gauntlet,
          gauntlet_entry_generic
Lair:4:   layout_regular_city, nicolae_lair_time_for_slime,
          infiniplex_staircase_pool_2, lemuel_fruit_fields
Lair:5:   evilmike_catoblepas_cave, layout_gridlike, slime_entry_1
Swamp:1:  gammafunk_mikee_crab_dinner, layout_basic_swamp,
          evilmike_swamp_ruin_rubble_1
Swamp:2:  layout_falls_marsh, nicolae_swamp_little_swirl,
          infiniplex_staircase_pool
Swamp:3:  layout_basic_swamp, evilmike_swamp_ruin_house_3
Spider:1: layout_spider_delve
Spider:2: layout_spider_delve, hellmonk_test_site
Spider:3: layout_cave_pods, portal_ice_cave_entry_ice_statue_two,
          hellmonk_narrow_tunnel
Orc:1:    layout_caves, uniq_jorgrun
Orc:2:    st_orc_elflike, layout_diamond_mine, serial_shops,
          nicolae_shop_real_fake_doors, nicolae_shop_tiny_waterfront,
          basic_altar, nicolae_shop_firing_range

Skill      XL: |  1  2  3  4  5  6  7  8  9 10 11 12 13 14 15 16 17 |
---------------+----------------------------------------------------+-----
Axes           | 2 3 4 5 6 7 9 10 11 12 14 15 16 18 | 18.0
Fighting       | 4 5 6 7 8 9 10 12 13 | 13.0
Dodging        | 1 3 4 5 |  5.0
Armour         | 4 5 7 8 9 10 | 10.1
Shields        | 6 10 13 14 15 16 17 | 17.8
Invocations    | 4 7 10 | 10.0
Throwing       | 2 4 5 6 7 |  7.0

Action                     |  1- 3 |  4- 6 |  7- 9 | 10-12 | 13-15 | 16-18 || total
---------------------------+-------+-------+-------+-------+-------+-------++-------
  Melee: War axe           |    96 |   125 |   311 |   529 |   116 |       ||  1177
         Broad axe         |       |       |       |       |   649 |   834 ||  1483
         Flail             |       |       |       |       |    41 |       ||    41
         Morningstar       |       |       |       |       |       |    85 ||    85
  Throw: Boomerang         |       |       |       |    14 |     7 |    14 ||    35
         Javelin           |       |       |       |       |   254 |   161 ||   415
 Invoke: Heroism           |       |       |       |    13 |    28 |    28 ||    69
         Finesse           |       |       |       |       |     3 |     4 ||     7
    Use: Scroll            |     3 |     9 |     8 |     8 |     5 |     5 ||    38
         Potion            |       |     2 |     5 |     3 |     4 |     6 ||    20
   Stab: Confused          |       |       |       |       |       |     2 ||     2
 Armour: Scale mail        |    48 |     2 |       |       |       |       ||    50
         Chain mail        |       |    62 |   175 |       |   218 |   507 ||   962
         Plate armour      |       |       |    34 |   224 |   136 |       ||   394
  Dodge: Dodged            |    48 |    42 |   111 |    68 |   210 |   282 ||   761
         Repelled          |       |       |       |       |     3 |     6 ||     9
  Block: Buckler           |    24 |    22 |    46 |       |       |       ||    92
         Tower shield      |       |       |    22 |   324 |   731 |   970 ||  2047

Table legend:
 A = Non-vault XP
 B = Vault XP
 C = Vault XP percentage of total XP
 D = Non-vault monster count
 E = Vault monster count
 F = Vault count percentage of total count
                 A         B        C        D         E       F
            +---------+---------+-------+---------+---------+-------
      Total |  163378 |   54961 |  25.2 |     721 |     170 |  19.1
            +---------+---------+-------+---------+---------+-------
        D:1 |      18 |       0 |   0.0 |      10 |       0 |   0.0
        D:2 |      86 |       0 |   0.0 |      26 |       0 |   0.0
        D:3 |      60 |       0 |   0.0 |      22 |       0 |   0.0
        D:4 |     166 |     196 |  54.1 |      16 |       1 |   5.9
        D:5 |     415 |    2002 |  82.8 |      11 |      18 |  62.1
        D:6 |    1030 |       0 |   0.0 |      20 |       0 |   0.0
        D:7 |     439 |     170 |  27.9 |      11 |       2 |  15.4
        D:8 |    2644 |     961 |  26.7 |      31 |      11 |  26.2
        D:9 |    2857 |     214 |   7.0 |      24 |       1 |   4.0
       D:10 |    2855 |       0 |   0.0 |      41 |       0 |   0.0
       D:11 |    3777 |    1981 |  34.4 |      37 |      11 |  22.9
       D:12 |    5092 |     787 |  13.4 |      18 |       1 |   5.3
       D:13 |    2223 |    2069 |  48.2 |       9 |       3 |  25.0
       D:14 |    8018 |       0 |   0.0 |      16 |       0 |   0.0
       D:15 |   11387 |   10555 |  48.1 |      28 |      15 |  34.9
     Lair:1 |    4777 |     869 |  15.4 |      22 |       2 |   8.3
     Lair:2 |    9742 |    2038 |  17.3 |      40 |      10 |  20.0
     Lair:3 |   10620 |    1236 |  10.4 |      29 |       5 |  14.7
     Lair:4 |    7540 |    2020 |  21.1 |      33 |       8 |  19.5
     Lair:5 |    9187 |   10786 |  54.0 |      22 |      23 |  51.1
    Swamp:1 |    9834 |       0 |   0.0 |      20 |       0 |   0.0
    Swamp:2 |   14875 |       0 |   0.0 |      29 |       0 |   0.0
    Swamp:3 |    1322 |       0 |   0.0 |       3 |       0 |   0.0
   Spider:1 |   12015 |       0 |   0.0 |      50 |       0 |   0.0
   Spider:2 |   28368 |     844 |   2.9 |      70 |       1 |   1.4
   Spider:3 |    8626 |    5817 |  40.3 |      20 |       9 |  31.0
      Orc:1 |    2446 |    1877 |  43.4 |      26 |       1 |   3.7
      Orc:2 |    2959 |    8259 |  73.6 |      37 |      28 |  43.1
    Ossuary |       0 |     160 | 100.0 |       0 |      14 | 100.0
   Gauntlet |       0 |    2120 | 100.0 |       0 |       6 | 100.0
            +---------+---------+-------+---------+---------+-------
